2252 views
Uploaded 2022-03-12 06:31:05
Game version 1.32.10
46:05 long 4on4 ladder game on (8)GoldRush
Saved by xzz
2252 views
Uploaded 2022-03-12 06:31:05
Game version 1.32.10
46:05 long 4on4 ladder game on (8)GoldRush


285 units @ 39.5k
/ 3.7k
110 buildings @ 16.4k
/ 8.5k


| Lesser Clarity Potion | 3 | 210 |
| Potion of Healing | 1 | 150 |
| Scroll of Regeneration | 1 | 100 |
| Orb of Fire | 1 | 325 |
| Scroll of Town Portal | 7 | 2450 |
| Boots of Speed | 2 | 500 |
| Staff of Teleportation | 2 | 300 |
| Healing Salve | 1 | 100 |
| total: | 18 | 4135g |
| Peasant | 18 | 1350 | / | 0 |
| Rifleman | 20 | 4100 | / | 600 |
| Sorceress | 10 | 1550 | / | 200 |
| Dragonhawk Rider | 2 | 400 | / | 60 |
| total: | 50 | 7400g | / | 860w |
| Scout Tower | 1 | 30 | / | 20 |
| Arcane Tower | 2 | 140 | / | 100 |
| Lumber Mill | 1 | 120 | / | 0 |
| Blacksmith | 1 | 140 | / | 60 |
| Farm | 11 | 880 | / | 220 |
| Barracks | 2 | 320 | / | 120 |
| Altar of Kings | 1 | 180 | / | 50 |
| Town Hall | 3 | 1155 | / | 615 |
| Arcane Vault | 1 | 130 | / | 30 |
| Arcane Sanctum | 2 | 300 | / | 280 |
| Gryphon Aviary | 2 | 280 | / | 300 |
| Keep | 1 | 320 | / | 210 |
| Castle | 1 | 360 | / | 210 |
| total: | 25 | 3535g | / | 1695w |
| 0:03 | Peasant |
| 0:03 | Peasant |
| 0:03 | Peasant |
| 0:04 | Peasant |
| 0:21 | Lumber Mill |
| 0:37 | Blacksmith |
| 0:39 | Peasant |
| 0:50 | Farm |
| 0:59 | Peasant |
| 1:05 | Barracks |
| 1:06 | Peasant |
| 1:26 | Improved Lumber Harvesting |
| 1:38 | Peasant |
| 1:50 | Altar of Kings |
| 1:56 | Farm |
| 2:06 | Rifleman |
| 2:12 | Peasant |
| 2:33 | Rifleman |
| 2:38 | Farm |
| 2:58 | Rifleman |
| 3:18 | Farm |
| 3:27 | Black Gunpowder |
| 3:48 | Keep |
| 4:09 | Rifleman |
| 4:18 | Storm Bolt |
| 4:49 | Rifleman |
| 4:50 | Rifleman |
| 4:56 | Farm |
| 5:22 | Lesser Clarity Potion |
| 6:13 | Town Hall |
| 6:21 | Refined Gunpowder |
| 6:23 | Long Rifles |
| 7:12 | Thunder Clap |
| 7:47 | Castle |
| 7:48 | Rifleman |
| 7:54 | Farm |
| 8:04 | Arcane Vault |
| 8:07 | Studded Leather Armor |
| 8:09 | Peasant |
| 8:09 | Peasant |
| 8:10 | Peasant |
| 8:26 | Peasant |
| 8:30 | Peasant |
| 8:42 | Farm |
| 8:55 | Healing Salve |
| 9:01 | Lesser Clarity Potion |
| 9:07 | Scroll of Town Portal |
| 9:22 | Scroll of Town Portal |
| 9:31 | Holy Light |
| 10:08 | Farm |
| 10:12 | Arcane Sanctum |
| 10:13 | Rifleman |
| 10:13 | Rifleman |
| 10:31 | Storm Bolt |
| 11:33 | Peasant |
| 11:33 | Peasant |
| 11:33 | Peasant |
| 11:33 | Peasant |
| 11:36 | Rifleman |
| 12:02 | Scout Tower |
| 12:28 | Arcane Sanctum |
| 12:30 | Sorceress Adept Training |
| 12:30 | Sorceress |
| 12:34 | Barracks |
| 12:35 | Rifleman |
| 12:41 | Arcane Tower |
| 13:03 | Divine Shield |
| 13:32 | Sorceress |
| 13:57 | Sorceress Master Training |
| 13:57 | Sorceress |
| 14:04 | Farm |
| 14:05 | Rifleman |
| 14:09 | Imbued Gunpowder |
| 14:12 | Lesser Clarity Potion |
| 14:13 | Potion of Healing |
| 14:14 | Scroll of Town Portal |
| 15:42 | Sorceress |
| 15:45 | Farm |
| 16:28 | Sorceress |
| 16:44 | Scroll of Regeneration |
| 16:45 | Scroll of Town Portal |
| 16:57 | Scroll of Town Portal |
| 17:01 | Orb of Fire |
| 17:18 | Holy Light |
| 18:08 | Thunder Clap |
| 18:14 | Divine Shield |
| 18:20 | Rifleman |
| 18:23 | Sorceress |
| 18:27 | Reinforced Leather Armor |
| 19:05 | Sorceress |
| 19:27 | Town Hall |
| 19:31 | Town Hall |
| 20:37 | Thunder Clap |
| 20:39 | Thunder Clap |
| 21:11 | Holy Light |
| 22:12 | Rifleman |
| 22:13 | Rifleman |
| 22:13 | Rifleman |
| 22:16 | Sorceress |
| 22:16 | Sorceress |
| 22:16 | Sorceress |
| 23:29 | Avatar |
| 23:59 | Dragonhide Armor |
| 26:02 | Resurrection |
| 27:47 | Rifleman |
| 27:48 | Rifleman |
| 27:48 | Rifleman |
| 27:48 | Rifleman |
| 28:30 | Gryphon Aviary |
| 28:32 | Gryphon Aviary |
| 29:17 | Boots of Speed |
| 29:18 | Staff of Teleportation |
| 29:57 | Cloud |
| 29:58 | Dragonhawk Rider |
| 29:58 | Dragonhawk Rider |
| 30:02 | Farm |
| 31:58 | Boots of Speed |
| 31:58 | Staff of Teleportation |
| 31:59 | Scroll of Town Portal |
| 31:59 | Scroll of Town Portal |
| 37:09 | Storm Bolt |
| Right click | 1115 |
| Select | 558 |
| Chat | 134 |
| Build/train/purchase | 133 |
| Use ability | 61 |
| Resource trade | 4 |
| Minimap ping | 3 |
| Remove unit | 2 |

| Healing Salve | 6 | 600 |
| Lesser Clarity Potion | 9 | 630 |
| Scroll of Speed | 4 | 200 |
| Orb of Lightning | 1 | 375 |
| Potion of Mana | 2 | 400 |
| Scroll of Town Portal | 3 | 1050 |
| Scroll of Regeneration | 1 | 100 |
| total: | 26 | 3355g |
| Peon | 14 | 1050 | / | 0 |
| Grunt | 1 | 200 | / | 0 |
| Troll Headhunter | 12 | 1680 | / | 240 |
| Wind Rider | 7 | 1855 | / | 280 |
| Shaman | 16 | 2080 | / | 320 |
| Troll Batrider | 8 | 1280 | / | 320 |
| Troll Berserker | 6 | 840 | / | 120 |
| Demolisher | 2 | 440 | / | 100 |
| total: | 66 | 9425g | / | 1380w |
| Watch Tower | 15 | 1650 | / | 1200 |
| Altar of Storms | 1 | 180 | / | 50 |
| Orc Burrow | 4 | 640 | / | 160 |
| Barracks | 3 | 540 | / | 150 |
| War Mill | 1 | 205 | / | 0 |
| Voodoo Lounge | 1 | 130 | / | 30 |
| Great Hall | 1 | 385 | / | 185 |
| Beastiary | 4 | 580 | / | 560 |
| Spirit Lodge | 2 | 300 | / | 300 |
| Stronghold | 1 | 315 | / | 190 |
| Fortress | 1 | 325 | / | 190 |
| total: | 32 | 4610g | / | 2635w |
| 0:06 | Peon |
| 0:06 | Peon |
| 0:08 | Altar of Storms |
| 0:09 | Orc Burrow |
| 0:36 | Barracks |
| 0:51 | Peon |
| 1:15 | Orc Burrow |
| 1:19 | Peon |
| 1:37 | Peon |
| 1:40 | Grunt |
| 1:59 | Peon |
| 2:07 | War Mill |
| 2:12 | Serpent Ward |
| 2:24 | Voodoo Lounge |
| 3:20 | Troll Headhunter |
| 3:21 | Troll Headhunter |
| 3:38 | Peon |
| 3:39 | Peon |
| 3:39 | Peon |
| 3:52 | Healing Salve |
| 3:52 | Lesser Clarity Potion |
| 3:57 | Lesser Clarity Potion |
| 3:59 | Troll Headhunter |
| 4:22 | Troll Headhunter |
| 4:41 | Great Hall |
| 5:19 | Hex |
| 5:31 | Stronghold |
| 5:56 | Watch Tower |
| 5:57 | Watch Tower |
| 5:58 | Watch Tower |
| 5:58 | Watch Tower |
| 5:59 | Watch Tower |
| 6:06 | Lesser Clarity Potion |
| 6:08 | Healing Salve |
| 6:15 | Scroll of Speed |
| 6:35 | Orc Burrow |
| 6:51 | Troll Headhunter |
| 7:06 | Serpent Ward |
| 7:58 | Hex |
| 8:13 | Peon |
| 8:13 | Peon |
| 8:18 | Beastiary |
| 8:20 | Spirit Lodge |
| 8:24 | Spirit Lodge |
| 8:29 | Beastiary |
| 8:31 | Healing Salve |
| 8:31 | Lesser Clarity Potion |
| 8:37 | Troll Headhunter |
| 8:39 | Peon |
| 8:39 | Peon |
| 8:46 | Peon |
| 8:50 | Steel Armor |
| 8:54 | Scroll of Speed |
| 9:04 | Scroll of Town Portal |
| 10:21 | Wind Rider |
| 10:24 | Shaman |
| 10:28 | Troll Headhunter |
| 10:29 | Troll Headhunter |
| 10:30 | Fortress |
| 10:51 | Troll Headhunter |
| 10:52 | Wind Rider |
| 11:19 | Serpent Ward |
| 12:17 | Beastiary |
| 12:20 | Beastiary |
| 12:23 | Troll Batrider |
| 12:23 | Troll Batrider |
| 12:23 | Troll Batrider |
| 12:44 | Healing Salve |
| 12:44 | Healing Salve |
| 12:58 | Shaman Adept Training |
| 13:20 | Lesser Clarity Potion |
| 13:20 | Lesser Clarity Potion |
| 13:26 | Troll Batrider |
| 13:32 | Scroll of Speed |
| 13:33 | Orb of Lightning |
| 13:41 | Troll Batrider |
| 13:56 | Healing Salve |
| 14:05 | Troll Batrider |
| 14:08 | Orc Burrow |
| 14:29 | Envenomed Spears |
| 15:29 | Shaman Master Training |
| 15:30 | Shaman |
| 15:30 | Shaman |
| 15:31 | Troll Headhunter |
| 15:37 | Scroll of Regeneration |
| 15:43 | Lesser Clarity Potion |
| 17:41 | Big Bad Voodoo |
| 17:44 | Potion of Mana |
| 17:44 | Potion of Mana |
| 17:56 | Troll Batrider |
| 17:58 | Troll Batrider |
| 18:00 | Shaman |
| 18:00 | Shaman |
| 18:00 | Shaman |
| 18:00 | Shaman |
| 18:02 | Troll Headhunter |
| 18:02 | Troll Headhunter |
| 18:15 | Lesser Clarity Potion |
| 18:58 | Berserker Upgrade |
| 19:14 | Liquid Fire |
| 19:44 | Steel Ranged Weapons |
| 19:45 | Thorium Armor |
| 21:53 | Wind Rider |
| 21:56 | Wind Rider |
| 21:58 | Shaman |
| 21:59 | Shaman |
| 21:59 | Shaman |
| 22:00 | Troll Berserker |
| 22:00 | Troll Berserker |
| 22:01 | Troll Berserker |
| 22:01 | Troll Berserker |
| 22:58 | Hex |
| 23:08 | Wind Rider |
| 23:10 | Troll Berserker |
| 23:10 | Troll Berserker |
| 23:13 | Shaman |
| 23:13 | Shaman |
| 23:13 | Shaman |
| 23:13 | Shaman |
| 23:48 | Watch Tower |
| 23:48 | Watch Tower |
| 23:48 | Watch Tower |
| 24:44 | Thorium Ranged Weapons |
| 26:12 | Burning Oil |
| 26:15 | Barracks |
| 26:17 | Barracks |
| 28:00 | Healing Wave |
| 28:14 | Demolisher |
| 28:18 | Arcanite Ranged Weapons |
| 29:33 | Demolisher |
| 29:35 | Arcanite Armor |
| 31:24 | Watch Tower |
| 32:26 | Wind Rider |
| 32:28 | Wind Rider |
| 32:46 | Watch Tower |
| 32:53 | Shaman |
| 32:53 | Shaman |
| 34:05 | Lesser Clarity Potion |
| 34:05 | Scroll of Town Portal |
| 34:21 | Scroll of Speed |
| 35:06 | Healing Wave |
| 39:12 | Reinforced Defenses |
| 39:37 | Scroll of Town Portal |
| 41:41 | Spiked Barricades |
| 42:58 | Watch Tower |
| 43:42 | Watch Tower |
| 43:58 | Watch Tower |
| 44:01 | Watch Tower |
| 44:09 | Watch Tower |
| Right click | 1568 |
| Select | 488 |
| Chat | 315 |
| Select group | 244 |
| Build/train/purchase | 159 |
| Use ability | 141 |
| Assign group | 50 |
| Misc. action | 20 |
| Minimap ping | 13 |
| Resource trade | 6 |
| Esc | 5 |
| Item give/drop | 2 |
| Remove unit | 1 |
Romanski
(40:20) : 


| Healing Salve | 8 | 800 |
| Lesser Clarity Potion | 6 | 420 |
| Scroll of Speed | 1 | 50 |
| Potion of Healing | 4 | 600 |
| Potion of Mana | 2 | 400 |
| Orb of Lightning | 3 | 1125 |
| Scroll of Town Portal | 7 | 2450 |
| Scroll of Healing | 1 | 250 |
| Potion of Lesser Invulnerability | 1 | 150 |
| total: | 33 | 6245g |
| Peon | 44 | 3300 | / | 0 |
| Troll Headhunter | 10 | 1400 | / | 200 |
| Wind Rider | 22 | 5830 | / | 880 |
| Shaman | 20 | 2600 | / | 400 |
| total: | 96 | 13130g | / | 1480w |
| Watch Tower | 22 | 2420 | / | 1760 |
| Orc Burrow | 7 | 1120 | / | 280 |
| Altar of Storms | 1 | 180 | / | 50 |
| War Mill | 1 | 205 | / | 0 |
| Barracks | 1 | 180 | / | 50 |
| Voodoo Lounge | 1 | 130 | / | 30 |
| Great Hall | 6 | 2310 | / | 1110 |
| Beastiary | 2 | 290 | / | 280 |
| Tauren Totem | 1 | 135 | / | 155 |
| Spirit Lodge | 1 | 150 | / | 150 |
| Stronghold | 2 | 630 | / | 380 |
| Fortress | 1 | 325 | / | 190 |
| total: | 43 | 7120g | / | 3865w |
| 0:05 | Peon |
| 0:05 | Peon |
| 0:05 | Peon |
| 0:05 | Peon |
| 0:07 | Peon |
| 0:07 | Peon |
| 0:38 | Orc Burrow |
| 0:39 | Peon |
| 0:50 | Peon |
| 0:52 | Altar of Storms |
| 1:13 | War Mill |
| 1:22 | Barracks |
| 1:34 | Voodoo Lounge |
| 1:49 | Peon |
| 1:58 | Orc Burrow |
| 2:10 | Peon |
| 2:16 | Peon |
| 2:16 | Peon |
| 2:20 | Peon |
| 2:20 | Peon |
| 2:43 | Peon |
| 2:50 | Orc Burrow |
| 2:52 | Troll Headhunter |
| 2:59 | Wind Walk |
| 3:04 | Troll Headhunter |
| 3:04 | Troll Headhunter |
| 3:15 | Healing Salve |
| 3:15 | Healing Salve |
| 3:21 | Lesser Clarity Potion |
| 3:21 | Lesser Clarity Potion |
| 3:35 | Watch Tower |
| 3:47 | Watch Tower |
| 4:31 | Great Hall |
| 4:38 | Watch Tower |
| 4:39 | Critical Strike |
| 4:50 | Troll Headhunter |
| 4:55 | Orc Burrow |
| 4:57 | Spiked Barricades |
| 4:57 | Improved Spiked Barricades |
| 5:23 | Troll Headhunter |
| 6:07 | Troll Headhunter |
| 6:07 | Troll Headhunter |
| 6:10 | Orc Burrow |
| 6:15 | Steel Ranged Weapons |
| 6:41 | Troll Headhunter |
| 6:44 | Stronghold |
| 7:18 | Watch Tower |
| 7:21 | Peon |
| 7:21 | Peon |
| 7:21 | Peon |
| 7:53 | Healing Salve |
| 7:54 | Lesser Clarity Potion |
| 7:54 | Scroll of Speed |
| 8:06 | Healing Salve |
| 8:06 | Lesser Clarity Potion |
| 8:10 | Troll Headhunter |
| 8:15 | Watch Tower |
| 8:41 | Troll Headhunter |
| 8:45 | Orc Burrow |
| 8:50 | Wind Walk |
| 9:34 | Beastiary |
| 9:39 | Beastiary |
| 10:15 | Steel Armor |
| 10:16 | Reinforced Defenses |
| 10:19 | Peon |
| 10:27 | Healing Wave |
| 11:07 | Wind Rider |
| 11:19 | Scroll of Town Portal |
| 11:20 | Potion of Lesser Invulnerability |
| 11:36 | Critical Strike |
| 11:40 | Scroll of Healing |
| 11:52 | Wind Rider |
| 11:55 | Great Hall |
| 11:57 | Watch Tower |
| 12:03 | Great Hall |
| 12:56 | Hex |
| 13:19 | Wind Rider |
| 13:20 | Fortress |
| 13:27 | Healing Salve |
| 13:27 | Lesser Clarity Potion |
| 13:28 | Potion of Healing |
| 13:28 | Potion of Mana |
| 13:40 | Scroll of Town Portal |
| 13:40 | Scroll of Town Portal |
| 13:48 | Healing Salve |
| 13:48 | Healing Salve |
| 13:48 | Healing Salve |
| 14:29 | Peon |
| 14:29 | Peon |
| 14:29 | Peon |
| 14:29 | Peon |
| 14:40 | Wind Rider |
| 15:13 | Great Hall |
| 15:49 | Tauren Totem |
| 15:52 | Spirit Lodge |
| 15:58 | Peon |
| 15:58 | Peon |
| 15:58 | Peon |
| 15:58 | Peon |
| 16:26 | Orc Burrow |
| 16:28 | Peon |
| 16:28 | Peon |
| 16:48 | Healing Wave |
| 17:39 | Envenomed Spears |
| 17:40 | Wind Rider |
| 17:57 | Peon |
| 17:57 | Peon |
| 17:57 | Peon |
| 17:57 | Peon |
| 17:58 | Peon |
| 18:03 | Peon |
| 18:03 | Peon |
| 18:03 | Peon |
| 18:04 | Peon |
| 18:14 | Orb of Lightning |
| 18:15 | Potion of Healing |
| 18:15 | Scroll of Town Portal |
| 18:16 | Lesser Clarity Potion |
| 18:19 | Scroll of Town Portal |
| 18:33 | Shaman Adept Training |
| 19:06 | Serpent Ward |
| 19:29 | Great Hall |
| 19:48 | Wind Rider |
| 20:14 | Shaman Master Training |
| 20:15 | Shaman |
| 20:15 | Shaman |
| 20:19 | Wind Rider |
| 20:22 | Thorium Ranged Weapons |
| 20:22 | Thorium Armor |
| 20:22 | Arcanite Armor |
| 20:46 | Wind Rider |
| 21:04 | Wind Walk |
| 21:09 | Orb of Lightning |
| 21:11 | Potion of Healing |
| 21:13 | Potion of Mana |
| 21:18 | Potion of Healing |
| 21:19 | Scroll of Town Portal |
| 21:34 | Watch Tower |
| 21:35 | Watch Tower |
| 21:37 | Watch Tower |
| 21:40 | Watch Tower |
| 21:57 | Shaman |
| 22:20 | Peon |
| 22:26 | Watch Tower |
| 22:28 | Watch Tower |
| 22:30 | Watch Tower |
| 23:12 | Wind Rider |
| 23:14 | Shaman |
| 23:14 | Shaman |
| 23:14 | Shaman |
| 23:17 | Peon |
| 23:17 | Peon |
| 23:23 | Watch Tower |
| 23:26 | Watch Tower |
| 23:29 | Watch Tower |
| 23:52 | Wind Rider |
| 23:54 | Shaman |
| 24:28 | Shaman |
| 24:31 | Wind Rider |
| 25:14 | Orb of Lightning |
| 25:15 | Scroll of Town Portal |
| 25:26 | Wind Rider |
| 25:30 | Shaman |
| 26:09 | Serpent Ward |
| 26:18 | Arcanite Ranged Weapons |
| 27:53 | Bladestorm |
| 28:23 | Wind Rider |
| 28:24 | Wind Rider |
| 28:24 | Wind Rider |
| 28:27 | Shaman |
| 28:27 | Shaman |
| 28:27 | Shaman |
| 28:27 | Shaman |
| 28:29 | Steel Melee Weapons |
| 29:25 | Great Hall |
| 34:38 | Wind Rider |
| 34:39 | Wind Rider |
| 34:39 | Wind Rider |
| 34:39 | Wind Rider |
| 34:39 | Wind Rider |
| 34:39 | Wind Rider |
| 34:46 | Big Bad Voodoo |
| 35:04 | Summon Lava Spawn |
| 35:55 | Wind Rider |
| 35:57 | Shaman |
| 35:57 | Shaman |
| 35:57 | Shaman |
| 35:57 | Shaman |
| 35:58 | Shaman |
| 35:58 | Shaman |
| 35:58 | Shaman |
| 37:25 | Peon |
| 37:26 | Peon |
| 37:26 | Peon |
| 38:53 | Incinerate |
| 39:33 | Watch Tower |
| 39:34 | Watch Tower |
| 39:35 | Watch Tower |
| 39:35 | Watch Tower |
| 39:36 | Watch Tower |
| 40:19 | Watch Tower |
| Right click | 665 |
| Select | 420 |
| Select group | 368 |
| Build/train/purchase | 209 |
| Chat | 130 |
| Use ability | 61 |
| Assign group | 49 |
| Resource trade | 31 |
| Minimap ping | 5 |
| Item give/drop | 2 |
| Esc | 2 |

| Scroll of Regeneration | 2 | 200 |
| Potion of Healing | 1 | 150 |
| Scroll of Town Portal | 1 | 350 |
| total: | 4 | 700g |
| Peasant | 6 | 450 | / | 0 |
| Footman | 67 | 9045 | / | 0 |
| total: | 73 | 9495g | / | 0w |
| Farm | 6 | 480 | / | 120 |
| Barracks | 1 | 160 | / | 60 |
| Altar of Kings | 1 | 180 | / | 50 |
| Blacksmith | 1 | 140 | / | 60 |
| Arcane Vault | 1 | 130 | / | 30 |
| Keep | 1 | 320 | / | 210 |
| Castle | 1 | 360 | / | 210 |
| total: | 10 | 1090g | / | 320w |
| 0:11 | Peasant |
| 0:11 | Peasant |
| 0:11 | Peasant |
| 0:11 | Peasant |
| 0:33 | Farm |
| 0:34 | Farm |
| 0:50 | Barracks |
| 0:56 | Peasant |
| 1:02 | Altar of Kings |
| 1:09 | Peasant |
| 1:52 | Footman |
| 1:53 | Footman |
| 1:53 | Footman |
| 2:12 | Blacksmith |
| 2:19 | Farm |
| 2:20 | Farm |
| 2:21 | Farm |
| 2:22 | Farm |
| 2:35 | Footman |
| 2:36 | Footman |
| 3:01 | Footman |
| 3:25 | Iron Forged Swords |
| 3:26 | Steel Forged Swords |
| 3:39 | Footman |
| 3:39 | Footman |
| 3:58 | Footman |
| 4:02 | Footman |
| 4:11 | Summon Water Elemental |
| 4:21 | Iron Plating |
| 4:48 | Footman |
| 4:48 | Footman |
| 4:49 | Footman |
| 4:49 | Footman |
| 5:20 | Footman |
| 5:20 | Footman |
| 5:20 | Footman |
| 5:36 | Footman |
| 5:50 | Keep |
| 6:02 | Footman |
| 8:11 | Footman |
| 8:12 | Footman |
| 8:12 | Footman |
| 8:12 | Footman |
| 8:29 | Mithril Forged Swords |
| 8:30 | Steel Plating |
| 8:37 | Footman |
| 8:41 | Castle |
| 8:54 | Footman |
| 8:54 | Footman |
| 8:54 | Footman |
| 10:23 | Footman |
| 10:23 | Footman |
| 10:23 | Footman |
| 10:23 | Footman |
| 10:23 | Footman |
| 10:44 | Footman |
| 11:13 | Footman |
| 11:13 | Footman |
| 12:43 | Footman |
| 12:43 | Footman |
| 12:43 | Footman |
| 12:44 | Footman |
| 12:52 | Arcane Vault |
| 12:57 | Mithril Plating |
| 13:22 | Footman |
| 13:25 | Footman |
| 13:26 | Footman |
| 13:54 | Brilliance Aura |
| 14:05 | Footman |
| 14:05 | Footman |
| 14:09 | Footman |
| 14:56 | Footman |
| 14:56 | Footman |
| 14:56 | Footman |
| 15:34 | Footman |
| 15:35 | Footman |
| 15:38 | Scroll of Regeneration |
| 15:40 | Potion of Healing |
| 16:08 | Footman |
| 16:09 | Footman |
| 19:18 | Scroll of Town Portal |
| 19:20 | Scroll of Regeneration |
| 19:24 | Footman |
| 19:25 | Footman |
| 21:12 | Brilliance Aura |
| 31:33 | Footman |
| 31:33 | Footman |
| 31:33 | Footman |
| 31:33 | Footman |
| 31:34 | Footman |
| 31:34 | Footman |
| 31:34 | Footman |
| 31:34 | Footman |
| 31:34 | Footman |
| 32:31 | Footman |
| 34:19 | Summon Water Elemental |
| 35:34 | Footman |
| 35:34 | Footman |
| 37:43 | Footman |
| Right click | 445 |
| Chat | 194 |
| Build/train/purchase | 178 |
| Select | 152 |
| Minimap ping | 47 |
| Use ability | 8 |
| Resource trade | 5 |
198 units @ 23.2k
/ 2.1k
124 buildings @ 13.1k
/ 5.7k

| Scroll of Regeneration | 10 | 1000 |
| Mechanical Critter | 3 | 150 |
| Lesser Clarity Potion | 6 | 420 |
| Potion of Mana | 5 | 1000 |
| Potion of Healing | 3 | 450 |
| Scroll of Town Portal | 7 | 2450 |
| Boots of Speed | 1 | 250 |
| Staff of Teleportation | 1 | 150 |
| Circlet of Nobility | 1 | 175 |
| total: | 37 | 6045g |
| Peasant | 38 | 2850 | / | 0 |
| Footman | 2 | 270 | / | 0 |
| Gryphon Rider | 4 | 1120 | / | 280 |
| Knight | 3 | 735 | / | 180 |
| Dragonhawk Rider | 1 | 200 | / | 30 |
| Rifleman | 4 | 820 | / | 120 |
| Mortar Team | 2 | 360 | / | 140 |
| Flying Machine | 2 | 200 | / | 60 |
| total: | 56 | 6555g | / | 810w |
| Scout Tower | 12 | 360 | / | 240 |
| Arcane Tower | 2 | 140 | / | 100 |
| Guard Tower | 8 | 560 | / | 400 |
| Altar of Kings | 2 | 360 | / | 100 |
| Farm | 15 | 1200 | / | 300 |
| Barracks | 3 | 480 | / | 180 |
| Lumber Mill | 4 | 480 | / | 0 |
| Arcane Vault | 3 | 390 | / | 90 |
| Town Hall | 5 | 1925 | / | 1025 |
| Blacksmith | 1 | 140 | / | 60 |
| Gryphon Aviary | 3 | 420 | / | 450 |
| Workshop | 2 | 280 | / | 280 |
| Keep | 3 | 960 | / | 630 |
| Castle | 1 | 360 | / | 210 |
| total: | 50 | 6035g | / | 2725w |
| 0:07 | Peasant |
| 0:08 | Peasant |
| 0:14 | Altar of Kings |
| 0:17 | Farm |
| 0:20 | Peasant |
| 0:21 | Peasant |
| 0:54 | Farm |
| 0:57 | Peasant |
| 0:58 | Peasant |
| 1:14 | Peasant |
| 1:14 | Peasant |
| 1:20 | Barracks |
| 1:30 | Farm |
| 1:41 | Peasant |
| 1:41 | Peasant |
| 1:45 | Scout Tower |
| 2:11 | Farm |
| 2:14 | Arcane Tower |
| 2:25 | Lumber Mill |
| 2:29 | Footman |
| 2:32 | Summon Water Elemental |
| 2:37 | Lumber Mill |
| 2:50 | Footman |
| 2:53 | Arcane Vault |
| 3:20 | Peasant |
| 3:20 | Peasant |
| 3:53 | Town Hall |
| 3:56 | Scout Tower |
| 3:58 | Scout Tower |
| 4:09 | Improved Lumber Harvesting |
| 4:14 | Scout Tower |
| 4:33 | Guard Tower |
| 4:33 | Guard Tower |
| 4:35 | Scout Tower |
| 4:37 | Scout Tower |
| 4:47 | Scout Tower |
| 4:58 | Keep |
| 5:10 | Arcane Vault |
| 5:25 | Guard Tower |
| 5:25 | Guard Tower |
| 5:30 | Blizzard |
| 5:43 | Arcane Tower |
| 5:44 | Guard Tower |
| 6:12 | Scroll of Regeneration |
| 6:12 | Mechanical Critter |
| 6:23 | Farm |
| 6:24 | Peasant |
| 6:24 | Peasant |
| 6:25 | Peasant |
| 6:51 | Blacksmith |
| 6:53 | Scout Tower |
| 6:55 | Scout Tower |
| 7:04 | Scroll of Regeneration |
| 7:24 | Scroll of Town Portal |
| 7:25 | Lesser Clarity Potion |
| 7:36 | Potion of Mana |
| 7:42 | Peasant |
| 7:43 | Peasant |
| 7:43 | Peasant |
| 7:44 | Peasant |
| 8:06 | Castle |
| 8:08 | Guard Tower |
| 8:14 | Guard Tower |
| 8:25 | Improved Masonry |
| 8:42 | Gryphon Aviary |
| 8:44 | Gryphon Aviary |
| 8:53 | Gryphon Aviary |
| 9:01 | Iron Forged Swords |
| 9:02 | Studded Leather Armor |
| 9:20 | Boots of Speed |
| 9:25 | Staff of Teleportation |
| 10:10 | Farm |
| 10:26 | Farm |
| 10:28 | Gryphon Rider |
| 10:30 | Storm Hammers |
| 11:09 | Farm |
| 11:10 | Farm |
| 11:12 | Gryphon Rider |
| 11:39 | Scroll of Town Portal |
| 11:39 | Lesser Clarity Potion |
| 11:40 | Potion of Mana |
| 11:46 | Potion of Healing |
| 11:53 | Farm |
| 12:13 | Brilliance Aura |
| 12:34 | Scout Tower |
| 12:36 | Steel Forged Swords |
| 12:40 | Scroll of Town Portal |
| 12:42 | Circlet of Nobility |
| 13:30 | Scroll of Regeneration |
| 13:46 | Gryphon Rider |
| 13:48 | Knight |
| 13:52 | Animal War Training |
| 14:01 | Guard Tower |
| 14:09 | Scroll of Regeneration |
| 14:17 | Scroll of Town Portal |
| 14:38 | Reinforced Leather Armor |
| 15:24 | Farm |
| 15:27 | Barracks |
| 15:30 | Barracks |
| 15:34 | Mithril Forged Swords |
| 15:48 | Blizzard |
| 17:36 | Knight |
| 17:37 | Knight |
| 17:43 | Scroll of Regeneration |
| 17:52 | Scroll of Town Portal |
| 17:55 | Gryphon Rider |
| 18:05 | Iron Plating |
| 18:08 | Scroll of Regeneration |
| 18:29 | Cloud |
| 18:31 | Dragonhawk Rider |
| 19:01 | Blizzard |
| 20:55 | Mass Teleport |
| 21:15 | Rifleman |
| 21:15 | Rifleman |
| 21:19 | Farm |
| 21:24 | Town Hall |
| 21:52 | Lumber Mill |
| 22:29 | Rifleman |
| 23:04 | Lumber Mill |
| 23:12 | Peasant |
| 23:12 | Peasant |
| 23:13 | Peasant |
| 23:43 | Black Gunpowder |
| 24:23 | Town Hall |
| 25:52 | Scroll of Town Portal |
| 25:57 | Scroll of Regeneration |
| 26:00 | Potion of Mana |
| 26:05 | Lesser Clarity Potion |
| 27:32 | Potion of Healing |
| 27:33 | Potion of Mana |
| 28:36 | Peasant |
| 29:05 | Town Hall |
| 29:28 | Peasant |
| 29:28 | Peasant |
| 29:28 | Peasant |
| 29:57 | Peasant |
| 29:57 | Peasant |
| 29:59 | Peasant |
| 30:22 | Peasant |
| 30:22 | Peasant |
| 30:24 | Peasant |
| 30:44 | Arcane Vault |
| 30:49 | Keep |
| 31:28 | Peasant |
| 31:28 | Peasant |
| 31:46 | Scroll of Regeneration |
| 31:50 | Lesser Clarity Potion |
| 31:52 | Mechanical Critter |
| 32:01 | Mechanical Critter |
| 32:04 | Lesser Clarity Potion |
| 32:04 | Scroll of Regeneration |
| 32:24 | Peasant |
| 32:24 | Peasant |
| 32:25 | Peasant |
| 32:25 | Peasant |
| 32:31 | Rifleman |
| 33:26 | Altar of Kings |
| 33:31 | Workshop |
| 33:33 | Workshop |
| 34:21 | Scroll of Town Portal |
| 34:25 | Mortar Team |
| 34:25 | Mortar Team |
| 34:29 | Potion of Healing |
| 34:30 | Lesser Clarity Potion |
| 34:32 | Potion of Mana |
| 34:40 | Keep |
| 34:43 | Farm |
| 34:59 | Flying Machine |
| 35:00 | Flying Machine |
| 35:10 | Refined Gunpowder |
| 35:51 | Scroll of Regeneration |
| 36:03 | Farm |
| 38:39 | Scout Tower |
| 39:31 | Farm |
| 39:41 | Scout Tower |
| 40:02 | Town Hall |
| Right click | 1264 |
| Select | 487 |
| Build/train/purchase | 203 |
| Misc. action | 46 |
| Use ability | 44 |
| Item give/drop | 4 |
| Minimap ping | 1 |

| Peasant | 11 | 825 | / | 0 |
| Rifleman | 14 | 2870 | / | 420 |
| Forest Troll Shadow Priest | 1 | 195 | / | 10 |
| total: | 26 | 3890g | / | 430w |
| Altar of Kings | 1 | 180 | / | 50 |
| Farm | 5 | 400 | / | 100 |
| Barracks | 1 | 160 | / | 60 |
| Blacksmith | 1 | 140 | / | 60 |
| Lumber Mill | 1 | 120 | / | 0 |
| Keep | 1 | 320 | / | 210 |
| total: | 9 | 1000g | / | 270w |
| 0:03 | Peasant |
| 0:03 | Peasant |
| 0:04 | Peasant |
| 0:09 | Altar of Kings |
| 0:14 | Farm |
| 0:44 | Peasant |
| 0:50 | Barracks |
| 0:54 | Peasant |
| 1:06 | Peasant |
| 1:15 | Blacksmith |
| 1:35 | Peasant |
| 1:53 | Farm |
| 2:00 | Peasant |
| 2:26 | Summon Water Elemental |
| 2:41 | Rifleman |
| 2:42 | Rifleman |
| 2:47 | Farm |
| 3:00 | Lumber Mill |
| 3:06 | Keep |
| 3:48 | Farm |
| 3:52 | Rifleman |
| 3:54 | Black Gunpowder |
| 3:58 | Studded Leather Armor |
| 4:30 | Farm |
| 4:33 | Rifleman |
| 4:43 | Forest Troll Shadow Priest |
| 5:34 | Rifleman |
| 5:34 | Rifleman |
| 5:34 | Rifleman |
| 5:35 | Long Rifles |
| 23:40 | Peasant |
| 23:40 | Peasant |
| 23:40 | Peasant |
| 24:07 | Rifleman |
| 24:07 | Rifleman |
| 24:07 | Rifleman |
| 24:07 | Rifleman |
| 24:07 | Rifleman |
| 24:08 | Rifleman |
| 24:08 | Rifleman |
| 24:10 | Refined Gunpowder |
| 24:11 | Reinforced Leather Armor |
| 24:17 | Improved Masonry |
| 24:17 | Improved Lumber Harvesting |
| Select | 93 |
| Right click | 65 |
| Build/train/purchase | 41 |
| Use ability | 1 |


| Healing Salve | 3 | 300 |
| Lesser Clarity Potion | 2 | 140 |
| Scroll of Speed | 2 | 100 |
| Potion of Healing | 1 | 150 |
| Scroll of Town Portal | 2 | 700 |
| total: | 10 | 1390g |
| Peon | 25 | 1875 | / | 0 |
| Troll Headhunter | 6 | 840 | / | 120 |
| Troll Berserker | 3 | 420 | / | 60 |
| Tauren | 6 | 1680 | / | 480 |
| Shaman | 6 | 780 | / | 120 |
| Troll Batrider | 2 | 320 | / | 80 |
| total: | 48 | 5915g | / | 860w |
| Watch Tower | 3 | 330 | / | 240 |
| Orc Burrow | 8 | 1280 | / | 320 |
| War Mill | 1 | 205 | / | 0 |
| Altar of Storms | 3 | 540 | / | 150 |
| Barracks | 1 | 180 | / | 50 |
| Voodoo Lounge | 1 | 130 | / | 30 |
| Great Hall | 1 | 385 | / | 185 |
| Spirit Lodge | 1 | 150 | / | 150 |
| Tauren Totem | 1 | 135 | / | 155 |
| Beastiary | 2 | 290 | / | 280 |
| Stronghold | 2 | 630 | / | 380 |
| Fortress | 1 | 325 | / | 190 |
| total: | 22 | 3625g | / | 1560w |
| 0:03 | Peon |
| 0:03 | Peon |
| 0:03 | Peon |
| 0:21 | Orc Burrow |
| 0:44 | Peon |
| 0:48 | War Mill |
| 0:52 | Altar of Storms |
| 1:05 | Barracks |
| 1:06 | Peon |
| 1:16 | Peon |
| 1:34 | Peon |
| 1:38 | Orc Burrow |
| 1:46 | Peon |
| 2:06 | Troll Headhunter |
| 2:18 | Peon |
| 2:29 | Troll Headhunter |
| 2:41 | Troll Headhunter |
| 2:51 | Voodoo Lounge |
| 3:02 | War Stomp |
| 3:12 | Troll Headhunter |
| 3:27 | Troll Headhunter |
| 3:44 | Stronghold |
| 3:59 | Troll Headhunter |
| 4:06 | Healing Salve |
| 4:06 | Healing Salve |
| 4:26 | Steel Ranged Weapons |
| 4:44 | Endurance Aura |
| 5:05 | Great Hall |
| 5:18 | Orc Burrow |
| 5:22 | Steel Armor |
| 6:34 | Brilliance Aura |
| 6:47 | Endurance Aura |
| 7:20 | Healing Salve |
| 7:20 | Lesser Clarity Potion |
| 7:20 | Scroll of Speed |
| 7:23 | Fortress |
| 8:00 | Summon Water Elemental |
| 8:01 | Summon Water Elemental |
| 8:16 | Scroll of Town Portal |
| 8:20 | Scroll of Town Portal |
| 8:31 | Peon |
| 8:31 | Peon |
| 8:31 | Peon |
| 8:31 | Peon |
| 8:57 | Hex |
| 9:42 | Healing Wave |
| 10:04 | Peon |
| 10:04 | Peon |
| 10:04 | Peon |
| 10:04 | Peon |
| 10:10 | Berserker Upgrade |
| 10:10 | Troll Regeneration |
| 10:12 | Thorium Armor |
| 10:15 | Spirit Lodge |
| 11:49 | Brilliance Aura |
| 12:17 | Lesser Clarity Potion |
| 12:23 | Shaman Adept Training |
| 12:24 | Troll Berserker |
| 12:24 | Troll Berserker |
| 12:25 | Troll Berserker |
| 12:27 | Tauren Totem |
| 12:47 | Orc Burrow |
| 13:33 | Peon |
| 13:34 | Peon |
| 13:35 | Shaman Master Training |
| 13:40 | Orc Burrow |
| 13:41 | Tauren |
| 13:41 | Tauren |
| 14:27 | War Stomp |
| 15:02 | Healing Wave |
| 15:38 | Tauren |
| 15:38 | Pulverize |
| 15:39 | Shaman |
| 15:39 | Shaman |
| 15:40 | Shaman |
| 15:42 | Watch Tower |
| 15:43 | Reinforced Defenses |
| 17:40 | Hex |
| 18:08 | Tauren |
| 18:08 | Tauren |
| 18:09 | Shaman |
| 18:09 | Shaman |
| 18:09 | Shaman |
| 18:12 | Beastiary |
| 18:14 | Beastiary |
| 18:19 | Watch Tower |
| 18:22 | Watch Tower |
| 18:27 | Peon |
| 18:27 | Peon |
| 18:27 | Peon |
| 18:27 | Peon |
| 18:27 | Peon |
| 18:27 | Peon |
| 19:22 | Troll Batrider |
| 19:24 | Orc Burrow |
| 19:27 | Orc Burrow |
| 19:33 | Tauren |
| 20:03 | War Stomp |
| 20:33 | Potion of Healing |
| 20:42 | Scroll of Speed |
| 21:04 | Troll Batrider |
| 22:30 | Altar of Storms |
| 24:25 | Altar of Storms |
| 24:28 | Orc Burrow |
| 29:19 | Reincarnation |
| Right click | 1684 |
| Select group | 897 |
| Select | 500 |
| Build/train/purchase | 191 |
| Chat | 138 |
| Use ability | 30 |
| Misc. action | 25 |
| Assign group | 19 |
| Remove unit | 10 |
| Item give/drop | 5 |
| Minimap ping | 5 |

| Scroll of Regeneration | 5 | 500 |
| Lesser Clarity Potion | 4 | 280 |
| Potion of Healing | 8 | 1200 |
| Potion of Mana | 4 | 800 |
| Orb of Fire | 1 | 325 |
| Scroll of Town Portal | 3 | 1050 |
| total: | 25 | 4155g |
| Peasant | 39 | 2925 | / | 0 |
| Footman | 29 | 3915 | / | 0 |
| total: | 68 | 6840g | / | 0w |
| Scout Tower | 33 | 990 | / | 660 |
| Arcane Tower | 5 | 350 | / | 250 |
| Guard Tower | 21 | 1470 | / | 1050 |
| Barracks | 1 | 160 | / | 60 |
| Farm | 4 | 320 | / | 80 |
| Altar of Kings | 1 | 180 | / | 50 |
| Arcane Vault | 1 | 130 | / | 30 |
| Lumber Mill | 1 | 120 | / | 0 |
| Town Hall | 1 | 385 | / | 205 |
| Blacksmith | 1 | 140 | / | 60 |
| Keep | 1 | 320 | / | 210 |
| Castle | 1 | 360 | / | 210 |
| total: | 43 | 2425g | / | 1145w |
| 0:03 | Peasant |
| 0:03 | Peasant |
| 0:14 | Barracks |
| 0:17 | Farm |
| 0:25 | Altar of Kings |
| 0:42 | Peasant |
| 0:57 | Farm |
| 1:00 | Peasant |
| 1:16 | Peasant |
| 1:21 | Footman |
| 1:37 | Arcane Vault |
| 1:48 | Footman |
| 2:03 | Peasant |
| 2:08 | Scout Tower |
| 2:12 | Lumber Mill |
| 2:25 | Footman |
| 2:31 | Storm Bolt |
| 2:38 | Scout Tower |
| 2:47 | Footman |
| 3:07 | Arcane Tower |
| 3:18 | Farm |
| 3:48 | Guard Tower |
| 3:59 | Footman |
| 4:00 | Keep |
| 4:02 | Improved Lumber Harvesting |
| 4:06 | Bash |
| 4:31 | Scroll of Regeneration |
| 4:32 | Lesser Clarity Potion |
| 4:35 | Scroll of Regeneration |
| 4:35 | Lesser Clarity Potion |
| 4:43 | Footman |
| 5:06 | Scout Tower |
| 5:08 | Footman |
| 5:34 | Town Hall |
| 5:38 | Guard Tower |
| 5:45 | Improved Masonry |
| 5:52 | Farm |
| 6:16 | Defend |
| 6:27 | Advanced Lumber Harvesting |
| 6:51 | Storm Bolt |
| 8:14 | Peasant |
| 8:14 | Peasant |
| 8:18 | Peasant |
| 8:18 | Peasant |
| 8:40 | Peasant |
| 8:43 | Peasant |
| 8:50 | Peasant |
| 9:18 | Peasant |
| 9:50 | Peasant |
| 9:54 | Peasant |
| 9:58 | Footman |
| 10:06 | Peasant |
| 10:22 | Footman |
| 10:29 | Scout Tower |
| 10:33 | Peasant |
| 10:38 | Peasant |
| 11:03 | Scroll of Town Portal |
| 11:04 | Potion of Healing |
| 11:04 | Potion of Mana |
| 11:22 | Peasant |
| 11:43 | Bash |
| 12:04 | Potion of Healing |
| 12:07 | Potion of Mana |
| 12:07 | Potion of Healing |
| 12:08 | Scroll of Regeneration |
| 12:08 | Lesser Clarity Potion |
| 12:27 | Footman |
| 12:29 | Peasant |
| 12:29 | Peasant |
| 12:35 | Peasant |
| 12:35 | Peasant |
| 13:31 | Footman |
| 13:32 | Peasant |
| 13:32 | Peasant |
| 13:39 | Scout Tower |
| 13:45 | Scout Tower |
| 14:15 | Potion of Healing |
| 14:19 | Scout Tower |
| 14:21 | Scout Tower |
| 14:22 | Guard Tower |
| 14:23 | Arcane Tower |
| 14:26 | Castle |
| 14:27 | Advanced Masonry |
| 14:33 | Orb of Fire |
| 14:50 | Guard Tower |
| 14:52 | Guard Tower |
| 14:54 | Scout Tower |
| 14:55 | Scout Tower |
| 14:58 | Footman |
| 14:58 | Footman |
| 15:10 | Potion of Healing |
| 15:33 | Guard Tower |
| 16:07 | Scroll of Town Portal |
| 16:07 | Scroll of Regeneration |
| 16:31 | Footman |
| 16:31 | Footman |
| 16:35 | Scout Tower |
| 16:37 | Scout Tower |
| 16:39 | Scout Tower |
| 17:36 | Guard Tower |
| 17:39 | Scout Tower |
| 17:41 | Scout Tower |
| 18:15 | Guard Tower |
| 18:18 | Scout Tower |
| 18:22 | Scout Tower |
| 18:24 | Footman |
| 18:24 | Footman |
| 18:24 | Footman |
| 18:30 | Blacksmith |
| 18:48 | Footman |
| 18:51 | Guard Tower |
| 18:54 | Scout Tower |
| 18:56 | Peasant |
| 18:56 | Peasant |
| 18:56 | Peasant |
| 19:19 | Imbued Masonry |
| 19:23 | Guard Tower |
| 19:26 | Scout Tower |
| 19:31 | Footman |
| 19:47 | Potion of Healing |
| 19:48 | Potion of Mana |
| 19:57 | Footman |
| 19:57 | Footman |
| 19:58 | Footman |
| 20:01 | Scout Tower |
| 20:05 | Scout Tower |
| 20:06 | Guard Tower |
| 20:09 | Iron Plating |
| 20:24 | Peasant |
| 20:24 | Peasant |
| 20:30 | Guard Tower |
| 20:33 | Scout Tower |
| 20:34 | Guard Tower |
| 20:38 | Scout Tower |
| 21:12 | Guard Tower |
| 21:13 | Scout Tower |
| 21:58 | Storm Bolt |
| 22:29 | Footman |
| 22:29 | Footman |
| 22:29 | Footman |
| 22:29 | Footman |
| 22:31 | Guard Tower |
| 22:33 | Scout Tower |
| 22:43 | Scout Tower |
| 22:45 | Scout Tower |
| 23:14 | Guard Tower |
| 23:17 | Scout Tower |
| 23:18 | Arcane Tower |
| 23:23 | Scout Tower |
| 23:25 | Guard Tower |
| 23:31 | Footman |
| 23:32 | Footman |
| 23:48 | Guard Tower |
| 23:51 | Scout Tower |
| 23:53 | Scout Tower |
| 23:55 | Arcane Tower |
| 24:09 | Potion of Healing |
| 24:10 | Scroll of Town Portal |
| 24:11 | Potion of Mana |
| 24:19 | Lesser Clarity Potion |
| 24:19 | Scroll of Regeneration |
| 24:23 | Potion of Healing |
| 24:33 | Guard Tower |
| 24:34 | Arcane Tower |
| 24:36 | Scout Tower |
| 24:54 | Scout Tower |
| 25:07 | Guard Tower |
| 25:32 | Guard Tower |
| 25:58 | Peasant |
| 25:59 | Peasant |
| 25:59 | Peasant |
| 25:59 | Peasant |
| 25:59 | Peasant |
| 25:59 | Peasant |
| 25:59 | Peasant |
| 25:59 | Peasant |
| Right click | 653 |
| Select | 526 |
| Build/train/purchase | 164 |
| Use ability | 28 |
| Assign group | 24 |
| Resource trade | 10 |
| Select group | 9 |
| Chat | 9 |
| Minimap ping | 3 |
| Item give/drop | 2 |
| Misc. action | 1 |
| Remove unit | 1 |
⇛